 Dungeon Crawl Stone Soup version 0.20.1-1-g8b1a95d (webtiles) character file.

198 Timinator the Ruffian (level 5, -2/50 HPs)
             Began as a Troll Monk on Nov 3, 2017.
             Slain by an ogre
             ... wielding a +0 giant spiked club
              (18 damage)
             ... on level 4 of the Dungeon.
             The game lasted 00:03:11 (2366 turns).

Timinator the Ruffian (Troll Monk)                  Turns: 2366, Time: 00:03:11

Health: -2/50      AC:  6    Str: 19    XL:     5   Next: 47%
Magic:  4/4        EV: 11    Int:  7    God:
Gold:   113        SH:  0    Dex: 12    Spells: 4/4 levels left

rFire    . . .     SeeInvis .     - Unarmed
rCold    . . .     Gourm    +   (no shield)
rNeg     . . .     Faith    .   h - +1 animal skin
rPois    .         Spirit   .   (helmet restricted)
rElec    .         Reflect  .   (no cloak)
rCorr    .         Harm     .   (gloves unavailable)
MR       .....                  (boots unavailable)
Stlth    ++........             i - amulet of regeneration
Regen    1.0/turn               (no ring)
MPRegen  0.1/turn               (no ring)

@: no status effects
A: unfitting armour, claws 3, fast metabolism 3, gourmand, regeneration 1,
shaggy fur 1, tough skin 2
a: no special abilities


You were on level 4 of the Dungeon.
You were not hungry.

You visited 1 branch of the dungeon, and saw 4 of its levels.

You collected 113 gold pieces.

Inventory:

Armour
 h - a +1 animal skin (worn)
Jewellery
 i - an amulet of regeneration (around neck)
Scrolls
 c - a scroll of identify
 d - a scroll of enchant armour {unknown}
 e - 2 scrolls of amnesia {unknown}
 j - 2 scrolls of fear
 k - 2 scrolls of teleportation {unknown}
 n - a scroll of fog
 q - a scroll of recharging {unknown}
 r - a scroll of remove curse {unknown}
Potions
 a - a potion of haste {unknown}
 g - 2 potions of degeneration {unknown}
 l - a potion of flight {unknown}
 m - a potion of mutation {unknown}
 p - a potion of lignification {unknown}
 s - 2 potions of cancellation {unknown}
Comestibles
 b - 2 bread rations
 f - 4 royal jellies
 o - 7 fruits


   Skills:
 + Level 2.7 Fighting
 + Level 3.2 Dodging
 - Level 1.0 Stealth
 * Level 5.4 Unarmed Combat


You had 4 spell levels left.
You didn't know any spells.

Dungeon Overview and Level Annotations

Branches:
Dungeon (4/15)
 Temple: D:4-7

Altars:
Makhleb
Nemelex Xobeh


Innate Abilities, Weirdness & Mutations

You are too large for most types of armour.
You have claws for hands.
Your metabolism is lightning-fast.
You like to eat raw meat.
Your natural rate of healing is unusually fast.
You are covered in fur. (AC +1)
You have very tough skin. (AC +2)


Message History

The centaur hits you. The centaur barely misses you.
You scratch the centaur.
The centaur is moderately wounded.
The ogre hits you with a giant spiked club!
The centaur closely misses you.
You claw the centaur!
The centaur is almost dead.
The centaur hits you. The ogre barely misses you.
The centaur closely misses you.
Unknown command.
Unknown command.
The centaur wields an uncursed shortbow.
The centaur shoots an arrow.
The arrow hits you.
You see here 2 arrows.
The centaur shoots an arrow.
The arrow closely misses you.
There is a stone staircase leading up here.
You see here an arrow.
The centaur shoots an arrow.
The arrow hits you!
The ogre hits you with a giant spiked club!!
You die...

.#.##.# ....#.
.....
####...###
#....$..?##
#.#.......#
#...c..#
.######O#.##..#
.......@......#
.########.###.#
>.. .##.. .# ##
.#


You could see an ogre and a centaur.

Vanquished Creatures
  A jelly (D:3)
  Robin (D:2)
  2 gnolls (D:3)
  3 adders
  An ooze (D:2)
  3 worms
  4 dart slugs
  3 leopard geckos (D:1)
  2 orcs (D:3)
  A ball python (D:2)
  7 bats
  A giant cockroach (D:1)
  13 goblins
  14 hobgoblins
  3 jackals (D:1)
  A quokka (D:3)
  4 frilled lizards
  8 kobolds
  13 rats
85 creatures vanquished.

Notes
Turn   | Place    | Note
-------+----------+-------------------------------------------
     0 | D:1      | Timinator the Troll Monk began the quest for the Orb.
     0 | D:1      | Reached XP level 1. HP: 22/22 MP: 0/0
    96 | D:1      | Reached XP level 2. HP: 29/29 MP: 1/1
   232 | D:1      | Found a sparkling altar of Nemelex Xobeh.
   601 | D:1      | Reached XP level 3. HP: 36/36 MP: 2/2
   773 | D:2      | Found a burning altar of Makhleb.
   849 | D:2      | Reached skill level 4 in Unarmed Combat
   876 | D:2      | Noticed Robin
   982 | D:2      | Reached XP level 4. HP: 32/44 MP: 3/3
   989 | D:2      | Killed Robin
  1907 | D:3      | Reached skill level 5 in Unarmed Combat
  1907 | D:3      | Reached XP level 5. HP: 48/50 MP: 4/4
  2357 | D:4      | Noticed a centaur
  2359 | D:4      | Noticed an ogre
  2366 | D:4      | Slain by an ogre

Skill      XL: |  1  2  3  4 |
---------------+-------------+-----
Unarmed Combat | 4 5 |  5.4
Dodging        | 3 |  3.2
Fighting       | |  2.7
Stealth        | |  1.0

Action                   |  1- 3 |  4- 6 || total
-------------------------+-------+-------++-------
Melee: Unarmed           |   124 |   106 ||   230
       Punch             |     4 |     2 ||     6
  Use: Scroll            |       |     3 ||     3
 Stab: Sleeping          |     4 |     3 ||     7
  Eat: Chunk             |    13 |     9 ||    22
Armor: Robe              |    41 |     2 ||    43
       Animal skin       |       |    30 ||    30
Dodge: Dodged            |    50 |    51 ||   101
